 Dungeon Crawl Stone Soup version 0.20.0-15-g7f486f2 (webtiles) character file.

14 Gorglomux the Gusty (level 2, -1/16 HPs)
             Began as a Gargoyle Air Elementalist on June 11, 2017.
             Slain by Natasha (8 damage)
             ... on level 2 of the Dungeon.
             The game lasted 00:01:06 (811 turns).

Gorglomux the Gusty (Gargoyle Air Elementalist)      Turns: 811, Time: 00:01:07

Health: -1/16      AC:  4    Str: 11    XL:     2   Next: 41%
Magic:  0/5        EV: 11    Int: 15    God:
Gold:   42         SH:  0    Dex: 13    Spells: 4/5 levels left

rFire    . . .     SeeInvis .   f - +0 short sword
rCold    . . .     Gourm    .   (no shield)
rNeg     + . .     Faith    .   a - +0 robe
rPois    ∞         Spirit   .   (no helmet)
rElec    +         Reflect  .   (no cloak)
rCorr    .         Harm     .   (no gloves)
MR       .....                  (no boots)
Stlth    ..........             (no amulet)
Regen    0.1/turn               d - +3 ring of dexterity
MPRegen  0.1/turn               k - ring of loudness (curse)

@: very slightly contaminated, heavily drained
A: negative energy resistance 1, electricity resistance, unbreathing,
petrification resistance, rot immunity, AC +2
a: no special abilities


You were on level 2 of the Dungeon.
You were not hungry.

You visited 1 branch of the dungeon, and saw 2 of its levels.

You collected 42 gold pieces.

Inventory:

Hand Weapons
 f - a +0 short sword (weapon)
Armour
 a - a +0 robe (worn)
 m - a +0 ring mail
Jewellery
 d - a +3 ring of dexterity (left hand)
 k - a cursed ring of loudness (right hand)
Scrolls
 h - a scroll of random uselessness {unknown}
 j - 2 scrolls of identify {unknown}
 l - a scroll of fear {unknown}
Potions
 e - a potion of heal wounds {unknown}
 i - 2 potions of curing {unknown}
Books
 b - a book of Air

   Spells                             Type                      Level
   a - Shock                          Conjuration/Air              1
   b - Swiftness                      Charms/Air                   2
   c - Static Discharge               Conjuration/Air              3
   d - Airstrike                      Air                          4
   e - Lightning Bolt                 Conjuration/Air              5
Comestibles
 c - 2 bread rations
 g - 2 chunks of flesh


   Skills:
 + Level 1.3(0.0) Fighting
 + Level 1.4(0.0) Armour
 - Level 1.5(0.0) Dodging
 - Level 2.1(0.6) Stealth
 - Level 2.0(0.4) Spellcasting
 - Level 1.1(0.0) Conjurations
 - Level 2.4(0.8) Air Magic


You had 4 spell levels left.
You knew the following spells:

 Your Spells              Type           Power        Failure   Level  Hunger
a - Shock                 Conj/Air       #...         22%         1    ##.....


Dungeon Overview and Level Annotations

Branches:
Dungeon (2/15)

Altars:

Annotations:
D:2 Natasha


Innate Abilities, Weirdness & Mutations

You are resistant to torment.
Your stone body is resilient. (AC +2)
You are immune to poison.
You resist negative energy. (rN+)
You are resistant to electric shocks. (rElec)
You can survive without breathing.
You are immune to petrification.
You are immune to rotting.


Message History

Nothing appears to happen.
Natasha claws you!
Ouch! That really hurt!
Unknown command.
Casting: Shock
Confirm with . or Enter, or press ? or * to list all spells.
Aiming: Shock
Press: ? - help, Shift-Dir - straight line The zap hits Natasha.
Natasha is moderately wounded.
The zap misses Natasha.
Natasha claws you.
A worm comes into view.
Casting: Shock
Confirm with . or Enter, or press ? or * to list all spells.
Aiming: Shock
Press: ? - help, Shift-Dir - straight line The zap misses Natasha.
The zap hits Natasha.
Natasha is moderately wounded.
Natasha claws you!
Ouch! That really hurt!
You die...

# #.
.####
....
#.w#
#.h#
#.@#
#<.#
#...
w.#.#
...
..
..##
##.
#.. .
#.# #


You could see a worm, Natasha and a dart slug.

Vanquished Creatures
  4 bats (D:1)
  2 goblins (D:1)
  A hobgoblin (D:1)
  A frilled lizard (D:1)
  3 kobolds (D:1)
  3 rats (D:1)
14 creatures vanquished.

Notes
Turn   | Place    | Note
-------+----------+-------------------------------------------
     0 | D:1      | Gorglomux the Gargoyle Air Elementalist began the quest for the Orb.
     0 | D:1      | Reached XP level 1. HP: 10/10 MP: 3/3
   256 | D:1      | Reached skill level 1 in Fighting
   283 | D:1      | Reached skill level 1 in Armour
   283 | D:1      | Reached XP level 2. HP: 16/16 MP: 0/5
   806 | D:2      | Noticed Natasha
   811 | D:2      | Slain by Natasha

Skill      XL: |  1 |
---------------+----+-----
Fighting       | 1 |  1.3
Armour         | 1 |  1.4
Dodging        | |  1.5
Stealth        | |  2.1
Spellcasting   | |  2.0
Conjurations   | |  1.1
Air Magic      | |  2.4

Action                   || total
-------------------------++-------
Melee: Short sword       ||    25
       Unarmed           ||     3
 Cast: Shock             ||    24
Armor: Robe              ||    19
Dodge: Dodged            ||    41
